AoeStats
← 打一下就投

Nomad

510069327Analyzed
4v4 RM · 3d ago on Sep 29, 2026· 44m 29s· 8 players
Game mode
Random Map
Map size
231×231
Population
200
Speed
Normal
Resources
Standard
Victory
Conquest
Starting age
Dark Age
Ending age
Imperial Age
RankedLock teamsTeams togetherTeam positionsShared explorationLock speedFull tech treeHidden civsTurbo modeCheats
Victory
Defeat
🇹🇼 Tupi · Taiwan
1049
+15
🇬🇧 Chinese · United Kingdom
1023
+16
🇨🇳 Huns · China
1000
+51
🇦🇷 Khmer · Argentina
950
+18
🇪🇸 Varangians · Spain
1048
-19
🇳🇴 Japanese · Norway
1039
-17
🇩🇪 Hindustanis · Germany
1000
-48
🇪🇸 Lithuanians · Spain
964
-14
Heckler & Cock
6:37 Loom
17:48 Feudal Age
18:16 Double-Bit Axe
19:53 Wheelbarrow
MacGyver (RubenS)
3:29 Loom
14:18 Feudal Age
15:42 Wheelbarrow
14:55 Town Watch
14:58 Double-Bit Axe
15:13 Fishing Lines
16:03 Horse Collar
16:25 Gold Mining
23:01 Castle Age
20:54 Stone Mining
24:38 Bloodlines
24:44 Light Cavalry
26:24 Husbandry
26:36 Heavy Plow
26:49 Bow Saw
30:00 Imperial Age
29:00 Forging
28:55 Scale Barding Armor
30:28 Iron Casting
31:09 Chain Barding Armor
30:51 Gillnets
30:23 Cavalier
32:33 Conscription
33:27 Plate Barding Armor
Warmommy
4:33 Loom
5:12 Loom
14:31 Feudal Age
15:32 Double-Bit Axe
15:40 Gold Mining
15:42 Man-at-Arms
16:08 Arson
16:17 Fishing Lines
17:56 Town Watch
18:32 Stone Mining
23:01 Castle Age
22:34 Wheelbarrow
22:27 Forging
22:18 Scale Mail Armor
22:08 Fletching
22:19 Padded Archer Armor
24:02 Bow Saw
23:47 Gillnets
24:53 Gold Shaft Mining
25:06 Yasama
24:47 Elite Skirmisher
25:34 Thumb Ring
24:50 Crossbowman
25:41 Bodkin Arrow
29:58 Hand Cart
32:49 Leather Archer Armor
Strike90
15:50 Feudal Age
14:08 Loom
16:17 Man-at-Arms
26:09 Wheelbarrow
25:24 Double-Bit Axe
25:31 Gold Mining
30:55 Castle Age
29:34 Horse Collar
31:20 Bloodlines
32:38 Fletching
34:43 Forging
34:40 Scale Barding Armor
jacky
3:59 Loom
17:46 Feudal Age
24:08 Castle Age
37:12 Fletching
40:16 Pikeman
只會5TC
5:22 Loom
14:11 Feudal Age
18:00 Castle Age
15:56 Double-Bit Axe
16:09 Fishing Lines
17:12 Stone Mining
18:10 Town Watch
19:34 Bow Saw
19:18 Gillnets
19:40 Horse Collar
21:58 Town Patrol
23:22 Fletching
25:41 Gold Mining
29:18 Imperial Age
28:58 Wheelbarrow
29:31 Gold Shaft Mining
30:15 Bodkin Arrow
31:28 Two-Man Saw
31:10 Elite Blackwood Archer
31:54 Padded Archer Armor
32:15 Hand Cart
34:19 Bracer
36:01 Ballistics
37:31 Conscription
39:40 Elite Ibirapema Warrior
40:06 Arson
40:21 Squires
41:29 Forging
41:19 Scale Mail Armor
43:16 Iron Casting
fifox58
3:44 Loom
14:46 Feudal Age
19:02 Castle Age
18:38 Stone Mining
18:37 Double-Bit Axe
20:00 Wheelbarrow
20:55 Stone Shaft Mining
20:34 Bow Saw
20:25 Horse Collar
20:53 Gold Mining
23:50 Fletching
25:48 Bodkin Arrow
27:24 Ballistics
29:22 Hand Cart
29:07 Guard Tower
30:23 Gold Shaft Mining
36:19 Imperial Age
37:01 Bracer
37:02 Padded Archer Armor
37:09 Thumb Ring
37:56 Conscription
38:40 Two-Man Saw
38:37 Leather Archer Armor
40:40 Ring Archer Armor
41:52 Elite Chu Ko Nu
44:45 Murder Holes
打一下就投
11:50 Loom
16:15 Feudal Age
17:08 Double-Bit Axe
19:00 Scale Barding Armor
19:53 Wheelbarrow
19:24 Horse Collar
23:19 Bloodlines
27:58 Forging
31:18 Castle Age
29:46 Gold Mining
32:06 Husbandry
31:28 Light Cavalry
32:47 Iron Casting
32:34 Chain Barding Armor
33:31 Stone Mining
34:17 Gold Shaft Mining
34:11 Heavy Plow
35:21 Squires
35:07 Arson
34:43 Pikeman
Connection lost

Rejoining the realm…

Still unreachable

The connection could not be restored.

Session expired

The server has moved on; the page needs a fresh start.